AoeStats
← Dr Death Mic

Fortress

510056984Analyzed
4v4 RM · 2d ago on Sep 29, 2026· 79m 31s· 8 players
Game mode
Random Map
Map size
Huge
Population
200
Speed
Normal
Resources
Standard
Victory
Conquest
Starting age
Dark Age
Ending age
Imperial Age
RankedLock teamsTeams togetherTeam positionsShared explorationLock speedFull tech treeHidden civsTurbo modeCheats
Victory
Defeat
🇨🇳 Bengalis · China
1252
+10
🇳🇿 Varangians · New Zealand
1227
+10
🇺🇸 Khmer · United States
1208
+11
🇨🇳 Portuguese · China
1182
+12
🇹🇷 Spanish · Türkiye
1110
-11
1104
-11
🇲🇽 Persians · Mexico
1098
-11
🇷🇴 Malians · Romania
1091
-10
Dr Death Mic
3:54 Loom
6:33 Feudal Age
6:58 Double-Bit Axe
6:55 Horse Collar
14:58 Castle Age
14:44 Wheelbarrow
13:55 Town Watch
14:06 Gold Mining
15:59 Heavy Plow
16:22 Bow Saw
22:42 Husbandry
22:53 Bloodlines
23:27 Hand Cart
23:38 Scale Barding Armor
25:27 Chain Barding Armor
25:18 Forging
26:35 Gold Shaft Mining
25:52 Stone Mining
27:50 Iron Casting
30:00 Imperial Age
27:24 Fletching
27:25 Crossbowman
28:19 Kamandaran
29:22 Bodkin Arrow
29:28 Padded Archer Armor
29:41 Thumb Ring
31:56 Two-Man Saw
30:26 Cavalier
31:44 Plate Barding Armor
32:10 Blast Furnace
31:26 Leather Archer Armor
32:05 Conscription
32:49 Elite War Elephant
32:56 Savar
35:04 Crop Rotation
37:06 Onager
42:02 Ring Archer Armor
43:19 Chemistry
43:39 Ballistics
48:36 Caravan
52:01 Heavy Scorpion
59:40 Pikeman
60:05 Gambesons
60:21 Squires
60:07 Arson
60:24 Scale Mail Armor
61:36 Chain Mail Armor
60:46 Halberdier
61:40 Masonry
63:03 Plate Mail Armor
67:29 Architecture
66:58 Murder Holes
希望大陸人有素質一點
5:42 Loom
7:55 Feudal Age
9:14 Wheelbarrow
8:27 Double-Bit Axe
14:13 Castle Age
14:08 Fletching
21:36 Bow Saw
22:01 Horse Collar
23:43 Heavy Plow
28:46 Imperial Age
26:42 Hand Cart
26:41 Fletching
26:52 Padded Archer Armor
26:26 Crossbowman
27:48 Town Watch
28:37 Ballistics
28:10 Gold Mining
28:14 Stone Mining
29:12 Bodkin Arrow
29:32 Leather Archer Armor
29:51 Conscription
29:53 Yeomen
30:49 Two-Man Saw
29:15 Arbalester
30:43 Bracer
31:51 Chemistry
32:09 Gold Shaft Mining
32:41 Squires
33:05 Siege Engineers
47:06 Ring Archer Armor
48:41 Elite Longbowman
52:50 Caravan
MCMLXX
8:01 Feudal Age
7:47 Loom
13:26 Castle Age
11:46 Double-Bit Axe
11:46 Horse Collar
11:59 Gold Mining
12:01 Stone Mining
14:38 Bow Saw
16:03 Heavy Plow
20:37 Wheelbarrow
26:15 Imperial Age
24:10 Forging
25:24 Caravan
26:01 Iron Casting
25:29 Scale Mail Armor
25:33 Squires
26:03 Hand Cart
26:32 Chain Mail Armor
27:23 Conscription
27:58 Crop Rotation
28:03 Plate Mail Armor
28:14 Elite Gbeto
29:06 Town Watch
30:18 Gold Shaft Mining
34:13 Scale Barding Armor
34:11 Farimba
36:25 Chain Barding Armor
35:30 Heavy Camel Rider
36:22 Bloodlines
38:34 Plate Barding Armor
37:52 Fletching
38:07 Padded Archer Armor
39:40 Tigui
52:41 Ballistics
53:24 Chemistry
52:22 Bodkin Arrow
52:43 Leather Archer Armor
53:40 Town Patrol
54:56 Ring Archer Armor
58:05 Onager
59:30 Masonry
59:32 Fortified Wall
59:36 Siege Onager
65:43 Architecture
Re1gn
7:34 Feudal Age
8:58 Double-Bit Axe
12:15 Castle Age
10:08 Gold Mining
11:46 Loom
12:37 Wheelbarrow
13:48 Padded Archer Armor
20:12 Leather Archer Armor
21:28 Hand Cart
26:18 Imperial Age
26:29 Onager
27:44 Bow Saw
28:12 Conscription
28:15 Town Watch
29:02 Elite Conquistador
30:45 Ring Archer Armor
31:40 Chemistry
31:01 Ballistics
31:27 Stone Mining
39:58 Masonry
40:26 Hoardings
40:19 Fortified Wall
41:06 Architecture
40:32 Murder Holes
49:00 Caravan
67:34 Light Cavalry
68:24 Bloodlines
68:12 Cavalier
69:57 Scale Barding Armor
71:22 Forging
71:33 Chain Barding Armor
73:05 Iron Casting
73:40 Plate Barding Armor
Imyourextasy
7:37 Feudal Age
6:26 Loom
11:38 Castle Age
9:50 Double-Bit Axe
10:35 Horse Collar
14:17 Heavy Plow
19:52 Wheelbarrow
20:02 Bow Saw
23:21 Wheelbarrow
26:36 Hand Cart
27:20 Ballistics
27:13 Masonry
28:08 Gold Mining
29:52 Bloodlines
33:10 Imperial Age
31:23 Town Watch
33:37 Husbandry
33:11 Elite Ballista Elephant
34:16 Conscription
34:04 Siege Engineers
34:54 Crop Rotation
35:47 Chemistry
34:57 Double Crossbow
36:55 Architecture
43:11 Light Cavalry
48:44 Elite Battle Elephant
49:26 Tusk Swords
60:05 Caravan
65:05 Scale Barding Armor
65:11 Forging
64:52 Fletching
65:02 Padded Archer Armor
67:16 Coinage
67:17 Hussar
69:51 Iron Casting
80:22 Banking
FinRahZel
7:36 Feudal Age
8:11 Horse Collar
8:20 Double-Bit Axe
14:45 Castle Age
16:16 Stone Mining
16:38 Bow Saw
20:33 Wheelbarrow
20:37 Gold Mining
25:16 Hand Cart
28:23 Imperial Age
27:21 Husbandry
27:31 Bloodlines
27:28 Scale Barding Armor
27:34 Forging
29:20 Chain Barding Armor
29:37 Iron Casting
28:52 Loom
30:27 Two-Man Saw
30:36 Conscription
31:18 Plate Barding Armor
31:58 Blast Furnace
30:23 Elite Jarl
31:25 Caravan
34:16 Blast Furnace
33:51 Guilds
38:24 Fletching
39:52 Ballistics
40:32 Chemistry
39:29 Bodkin Arrow
51:13 Bracer
61:03 Siege Engineers
微辣十三香
7:57 Feudal Age
11:41 Castle Age
9:29 Double-Bit Axe
9:46 Horse Collar
10:51 Loom
11:45 Wheelbarrow
12:46 Bow Saw
18:00 Hand Cart
18:04 Town Watch
21:03 Heavy Plow
21:01 Gold Mining
26:00 Imperial Age
23:33 Town Patrol
25:42 Ballistics
25:03 Treadmill Crane
25:38 Scale Mail Armor
25:48 Forging
25:03 Pikeman
25:29 Arson
25:46 Caravan
28:12 Two-Man Saw
28:14 Chemistry
27:25 Masonry
27:30 Siege Engineers
28:03 Conscription
28:16 Circumnavigation
28:50 Halberdier
30:38 Architecture
31:04 Arquebus
32:11 Stone Mining
36:59 Elite Skirmisher
37:48 Thumb Ring
38:37 Crop Rotation
39:42 Padded Archer Armor
39:33 Fletching
39:30 Elite Organ Gun
41:20 Leather Archer Armor
41:00 Bodkin Arrow
46:03 Bracer
46:33 Ring Archer Armor
46:19 Chain Mail Armor
46:39 Iron Casting
48:25 Guard Tower
48:56 Bombard Tower
48:33 Murder Holes
64:32 Plate Mail Armor
65:04 Blast Furnace
65:34 Stone Shaft Mining
71:17 Capped Ram
80:01 Keep
王炸炸
1:42 Loom
8:14 Feudal Age
6:34 Loom
6:53 Loom
9:41 Loom
10:26 Loom
13:10 Castle Age
11:21 Double-Bit Axe
11:19 Horse Collar
12:29 Gold Mining
13:22 Stone Mining
14:49 Bow Saw
28:11 Heavy Plow
32:10 Imperial Age
30:18 Bloodlines
31:33 Husbandry
31:42 Scale Barding Armor
31:48 Forging
31:46 Paiks
32:36 Chain Barding Armor
33:25 Elite Battle Elephant
34:45 Iron Casting
36:11 Plate Barding Armor
39:34 Blast Furnace
39:11 Conscription
38:25 Light Cavalry
39:33 Scale Mail Armor
46:04 Pikeman
46:44 Squires
46:30 Arson
46:31 Gambesons
48:13 Halberdier
49:33 Elite Skirmisher
49:36 Elite Elephant Archer
50:48 Caravan
51:23 Coinage
51:40 Chain Mail Armor
51:16 Fletching
51:27 Padded Archer Armor
52:11 Mahayana
52:56 Bodkin Arrow
53:59 Bracer
54:16 Leather Archer Armor
54:25 Ballistics
58:16 Two-Man Saw
57:52 Crop Rotation
66:02 Ring Archer Armor
67:59 Banking
70:18 Chemistry
69:30 Fortified Wall
69:32 Masonry
72:38 Siege Engineers
73:10 Architecture
76:54 Guilds
Connection lost

Rejoining the realm…

Still unreachable

The connection could not be restored.

Session expired

The server has moved on; the page needs a fresh start.